 Dungeon Crawl Stone Soup version 0.23.2-32-g37ab1d4649 (webtiles) character file.

Game seed: 7669640183417474911

76 Mrkan the Cudgeler (level 4, -1/29 HPs)
             Began as a Gargoyle Monk on June 25, 2019.
             Was a Believer of Dithmenos.
             Slain by an ogre
             ... wielding a +0 giant club
              (22 damage)
             ... on level 2 of the Dungeon.
             The game lasted 00:04:20 (1522 turns).

Mrkan the Cudgeler (Gargoyle Monk)                  Turns: 1522, Time: 00:04:21

Health: -1/29      AC:  6    Str: 15    XL:     4   Next: 32%
Magic:  4/4        EV: 12    Int: 11    God:    Dithmenos [**....]
Gold:   95         SH:  0    Dex: 12    Spells: 3/3 levels left

rFire    . . .     SeeInvis .   a - +0 mace
rCold    . . .     Gourm    .   (no shield)
rNeg     + . .     Faith    .   b - +0 robe
rPois    ∞         Spirit   .   l - +0 helmet
rElec    +         Reflect  .   (no cloak)
rCorr    .         Harm     .   (no gloves)
MR       .....                  (no boots)
Stlth    ++........             (no amulet)
HPRegen  0.09/turn              (no ring)
MPRegen  0.09/turn              (no ring)

@: wreathed by umbra
A: negative energy resistance 1, electricity resistance, unbreathing,
petrification resistance, rot immunity, AC +3
a: Shadow Step, Renounce Religion


You were on level 2 of the Dungeon.
You worshipped Dithmenos.
Dithmenos was pleased with you.
You were not hungry.

You visited 1 branch of the dungeon, and saw 2 of its levels.

You collected 95 gold pieces.

Inventory:

Hand Weapons
 a - a +0 mace (weapon)
Armour
 b - a +0 robe (worn)
 l - a +0 helmet (worn)
Jewellery
 o - an uncursed amulet of harm {unknown}
 p - an uncursed ring of protection from magic {unknown}
Scrolls
 g - a scroll of magic mapping {unknown}
 n - 2 scrolls of identify {unknown}
 s - a scroll of blinking {unknown}
Potions
 d - a potion of curing {unknown}
 e - a potion of brilliance {unknown}
 f - a potion of flight {unknown}
 h - a potion of might {unknown}
 i - a potion of invisibility {unknown}
 j - a potion of magic {unknown}
 k - 3 potions of haste {unknown}
 m - 3 potions of mutation {unknown}
 q - a potion of lignification {unknown}
Comestibles
 c - 3 rations
 r - a chunk of flesh


   Skills:
 + Level 4.1 Fighting
 * Level 4.4 Maces & Flails
 - Level 2.4 Dodging
 - Level 2.1 Stealth
 + Level 0.1 Invocations


You had 3 spell levels left.
You didn't know any spells.
Your spell library was empty.

Dungeon Overview and Level Annotations

Branches:
Dungeon (2/15)

Altars:
Dithmenos
Fedhas
Makhleb
Nemelex Xobeh
Vehumet


Innate Abilities, Weirdness & Mutations

You are resistant to torment.
Your stone body is resilient. (AC +3)
You are immune to poison.
You resist negative energy. (rN+)
You are resistant to electric shocks. (rElec)
You can survive without breathing.
You are immune to petrification.
You are immune to rotting.


Message History

You sock the goblin!
You kill the goblin!
Dithmenos accepts your kill. The ogre barely misses you.
You see here a goblin corpse.
You completely miss the leopard gecko. The leopard gecko misses you. x2
You hit the leopard gecko.
The leopard gecko is severely wounded.
The leopard gecko closely misses you.
You hit the leopard gecko.
You kill the leopard gecko!
Dithmenos accepts your kill.
You hit the ogre.
The ogre is lightly wounded.
The ogre hits you with a +0 giant club!
You hit the ogre.
The ogre is moderately wounded.
The ogre hits you with a +0 giant club!!
Ouch! That really hurt!
You die...

... ..# ####..###
#.......####
#.#........#
##.....#.##.#
..(.....##.#######
##....#..........#
##@#..#####.#####.#
#O#.#.......# #.#
#w#.##.####### #.#
#b#%###.# #.# #.#O#
#.. #.# #.#l# #...
###.# ..#.# .....
##.#.# ...b#
......####....#
....
......+........


You could see an ogre, a worm and a bat.

Vanquished Creatures
  An adder (D:2)
  An ooze (D:1)
  A worm (D:2)
  A dart slug (D:2)
  3 leopard geckos
  2 giant cockroaches (D:2)
  6 goblins
  6 hobgoblins
  3 jackals (D:1)
  8 kobolds
  3 ball pythons (D:1)
  7 bats
  6 frilled lizards
  7 rats
55 creatures vanquished.

Notes
Turn   | Place    | Note
-------+----------+-------------------------------------------
     0 | D:1      | Mrkan the Gargoyle Monk began the quest for the Orb.
     0 | D:1      | Reached XP level 1. HP: 14/14 MP: 1/1
    88 | D:1      | Reached XP level 2. HP: 11/19 MP: 2/2
   248 | D:1      | Reached XP level 3. HP: 17/24 MP: 3/3
  1161 | D:2      | Reached XP level 4. HP: 24/29 MP: 4/4
  1352 | D:2      | Found a blossoming altar of Fedhas.
  1359 | D:2      | Found a sparkling altar of Nemelex Xobeh.
  1362 | D:2      | Found a shadowy altar of Dithmenos.
  1362 | D:2      | Found a radiant altar of Vehumet.
  1362 | D:2      | Found a burning altar of Makhleb.
  1441 | D:2      | Became a worshipper of Dithmenos the Shadowed
  1441 | D:2      | Reached * piety under Dithmenos
  1441 | D:2      | Reached ** piety under Dithmenos
  1510 | D:2      | Noticed an ogre
  1522 | D:2      | Slain by an ogre

Skill      XL: |  1  2  3 |
---------------+----------+-----
Maces & Flails | 4 |  4.4
Fighting       | 4 |  4.1
Dodging        | |  2.4
Stealth        | |  2.1
Invocations    | |  0.1

Action                   |  1- 3 |  4- 6 || total
-------------------------+-------+-------++-------
Melee: Mace              |   119 |    55 ||   174
 Stab: Sleeping          |     2 |     2 ||     4
  Eat: Chunk             |     1 |     1 ||     2
Armor: Robe              |    46 |    23 ||    69
Dodge: Dodged            |    83 |    47 ||   130
